NYP
CONNECTICUT TIGERS @ TRI-CITY VALLEYCATS
04/07/2048
 
TOP OF THE 1ST
Connecticut Tigers batting - Pitching for Tri-City ValleyCats : LHP Jason Mitchell
Pitching: LHP Jason Mitchell
Batting: RHB Jaden Warrior 0-0: Ball
1-0: Foul Ball, location: 2F
1-1: Fly out, F9 (Flyball, 89S, EV 84.4 MPH)
Batting: RHB Tony Nunez 0-0: Swinging Strike
0-1: Ball
1-1: Ball
2-1: Swinging Strike
2-2: Ball
3-2: Foul Ball, location: 2F
3-2: TRIPLE (Flyball, 89XD, EV 102.5 MPH)
Batting: RHB Zack DiCicco 0-0: Ball
1-0: Ball
2-0: Called Strike
2-1: Foul Ball, location: 2F
2-2: Ground out 6-3 (Groundball, 6, EV 84.4 MPH)
Tony Nunez scores
Batting: RHB Jeremiah Washington 0-0: SINGLE (Groundball, 6MD, EV 99.4 MPH)
Batting: RHB Khalil Coleman 0-0: Ball
1-0: Called Strike
1-1: Foul Ball, location: 2F
1-2: Fly out, F3 (Popup, 23F, EV 80.0 MPH)
Top of the 1st over - 1 run, 2 hits, 0 errors, 1 left on base; Connecticut 1 - Tri-City 0
BOTTOM OF THE 1ST
Tri-City ValleyCats batting - Pitching for Connecticut Tigers : RHP Juan Murillo
Pitching: RHP Juan Murillo
Batting: LHB Bruce Arvizu 0-0: SINGLE (Line Drive, 56D, EV 99.4 MPH)
Batting: LHB Daigo Ishii 0-0: Called Strike
0-1: Ball
Bruce Arvizu steals 2nd base
1-1: DOUBLE (Flyball, 89XD, EV 105.6 MPH)
Bruce Arvizu scores
Batting: LHB Danny Wolver 0-0: Ball
1-0: Ground out 4-3 (Groundball, 4M, EV 84.4 MPH)
Daigo Ishii to third
Batting: RHB Erik Smith 0-0: Ball
1-0: Foul Ball, location: 2F
1-1: Fly out, F7 (Flyball, 7, EV 77.5 MPH)
Batting: RHB Alex Campos 0-0: Swinging Strike
0-1: Ball
1-1: Swinging Strike
1-2: Strikes out looking
Bottom of the 1st over - 1 run, 2 hits, 0 errors, 1 left on base; Connecticut 1 - Tri-City 1
TOP OF THE 2ND
Connecticut Tigers batting - Pitching for Tri-City ValleyCats : LHP Jason Mitchell
Batting: LHB Antonio Luis 0-0: Foul Ball, location: 2F
0-1: Swinging Strike
0-2: Strikes out looking
Batting: RHB Jordan Hall 0-0: Ball
1-0: Ball
2-0: Ball
3-0: Called Strike
3-1: Called Strike
3-2: Strikes out swinging
Batting: RHB Kaleb Yerger 0-0: Ball
1-0: Called Strike
1-1: Foul Ball, location: 2F
1-2: Strikes out swinging
Top of the 2nd over - 0 runs, 0 hits, 0 errors, 0 left on base; Connecticut 1 - Tri-City 1
BOTTOM OF THE 2ND
Tri-City ValleyCats batting - Pitching for Connecticut Tigers : RHP Juan Murillo
Batting: RHB Derek Moran 0-0: Ball
1-0: Ball
2-0: Foul Ball, location: 2F
2-1: Swinging Strike
2-2: Ball
3-2: Strikes out swinging
Batting: LHB Bob Govella 0-0: Swinging Strike
0-1: Swinging Strike
0-2: Strikes out swinging
Batting: RHB Kieron Clark 0-0: Ground out 1-3 (Groundball, P, EV 69.4 MPH)
Bottom of the 2nd over - 0 runs, 0 hits, 0 errors, 0 left on base; Connecticut 1 - Tri-City 1
TOP OF THE 3RD
Connecticut Tigers batting - Pitching for Tri-City ValleyCats : LHP Jason Mitchell
Batting: RHB Jonathan Ridgely 0-0: Called Strike
0-1: Ball
1-1: Swinging Strike
1-2: Foul Ball, location: 2F
1-2: Strikes out swinging
Batting: RHB Jaden Warrior 0-0: Ball
1-0: Ball
2-0: Ball
3-0: Called Strike
3-1: Base on Balls
Batting: RHB Tony Nunez 0-0: Called Strike
0-1: Ball
1-1: Swinging Strike
1-2: DOUBLE (Line Drive, 78D, EV 108.8 MPH)
Jaden Warrior to third
Batting: RHB Zack DiCicco 0-0: Foul Ball, location: 2F
0-1: Foul Ball, location: 2F
0-2: Strikes out swinging
Batting: RHB Jeremiah Washington 0-0: Swinging Strike
0-1: Ball
1-1: Foul Ball, location: 2F
1-2: Foul Ball, location: 2F
1-2: Ball
2-2: Ball
3-2: Foul Ball, location: 2F
3-2: Base on Balls
Batting: RHB Khalil Coleman 0-0: Ball
1-0: Foul Ball, location: 2F
1-1: Foul Ball, location: 2F
1-2: SINGLE (Groundball, 56D, EV 95.6 MPH)
Jaden Warrior scores
Tony Nunez to third
Jeremiah Washington to second
Runner from 3rd tries for Home, SAFE, throw by LF to home
Batting: LHB Antonio Luis 0-0: DOUBLE (Flyball, 5D, EV 95.6 MPH)
Jeremiah Washington scores
Khalil Coleman to third
Runner from 3rd tries for Home, SAFE, throw by LF to home
Batting: RHB Jordan Hall 0-0: Ball
1-0: Foul Ball, location: 2F
1-1: Foul Ball, location: 2F
1-2: Hit by Pitch
Batting: RHB Kaleb Yerger 0-0: Called Strike
0-1: Foul Ball, location: 2F
0-2: Strikes out swinging
Top of the 3rd over - 4 runs, 3 hits, 0 errors, 2 left on base; Connecticut 5 - Tri-City 1
BOTTOM OF THE 3RD
Tri-City ValleyCats batting - Pitching for Connecticut Tigers : RHP Juan Murillo
Batting: RHB J.R. Roberts 0-0: Called Strike
0-1: Ground out 6-3 (Groundball, 6, EV 79.4 MPH)
Batting: LHB Bruce Arvizu 0-0: Ball
1-0: Ball
2-0: Called Strike
2-1: Swinging Strike
2-2: Strikes out swinging
Pitching: RHP Sho Sekine
Batting: LHB Daigo Ishii 0-0: Ground out 4-3 (Groundball, 4, EV 82.5 MPH)
Bottom of the 3rd over - 0 runs, 0 hits, 0 errors, 0 left on base; Connecticut 5 - Tri-City 1
TOP OF THE 4TH
Connecticut Tigers batting - Pitching for Tri-City ValleyCats : LHP Jason Mitchell
Batting: RHB Jonathan Ridgely 0-0: Ball
1-0: Called Strike
1-1: Fly out, F9 (Flyball, 89M, EV 84.4 MPH)
Batting: RHB Jaden Warrior 0-0: Ball
1-0: Ball
2-0: Called Strike
2-1: Fly out, F9 (Flyball, 9, EV 81.2 MPH)
Batting: RHB Tony Nunez 0-0: Ball
1-0: Ball
2-0: Foul Ball, location: 2F
2-1: Ball
3-1: Called Strike
3-2: Strikes out swinging
Top of the 4th over - 0 runs, 0 hits, 0 errors, 0 left on base; Connecticut 5 - Tri-City 1
BOTTOM OF THE 4TH
Tri-City ValleyCats batting - Pitching for Connecticut Tigers : RHP Sho Sekine
Batting: LHB Danny Wolver 0-0: Ball
1-0: Ball
2-0: Ball
3-0: TRIPLE (Flyball, 89XD, EV 113.1 MPH)
Batting: RHB Erik Smith 0-0: Called Strike
0-1: Foul Ball, location: 2F
0-2: SINGLE (Groundball, 56D, EV 96.9 MPH)
Danny Wolver scores
Batting: RHB Alex Campos 0-0: Called Strike
0-1: Swinging Strike
0-2: Foul Ball, location: 2F
0-2: Strikes out looking
Batting: RHB Derek Moran 0-0: Called Strike
0-1: 2-RUN HOME RUN (Flyball, 78XD, EV 106.2 MPH), Distance : 396 ft
Batting: LHB Bob Govella 0-0: Ball
1-0: Foul Ball, location: 2F
1-1: Swinging Strike
1-2: Ball
2-2: Foul Ball, location: 2F
2-2: Strikes out looking
Batting: RHB Kieron Clark 0-0: Foul Ball, location: 2F
0-1: Foul Ball, location: 2F
0-2: Strikes out swinging
Bottom of the 4th over - 3 runs, 3 hits, 0 errors, 0 left on base; Connecticut 5 - Tri-City 4
TOP OF THE 5TH
Connecticut Tigers batting - Pitching for Tri-City ValleyCats : LHP Jason Mitchell
Batting: RHB Zack DiCicco 0-0: Swinging Strike
0-1: Called Strike
0-2: Foul Ball, location: 2F
0-2: Ball
1-2: Ground out 5-3 (Groundball, 5S, EV 64.4 MPH)
Batting: RHB Jeremiah Washington 0-0: Ball
1-0: Swinging Strike
1-1: Ball
2-1: Fly out, F8 (Flyball, 8RXD, EV 101.9 MPH)
Batting: RHB Khalil Coleman 0-0: Ball
1-0: Ball
2-0: Ball
3-0: Base on Balls
Batting: LHB Antonio Luis 0-0: Ball
1-0: Swinging Strike
1-1: Ball
2-1: Foul Ball, location: 2F
2-2: Ball
3-2: Strikes out swinging
Top of the 5th over - 0 runs, 0 hits, 0 errors, 1 left on base; Connecticut 5 - Tri-City 4
BOTTOM OF THE 5TH
Tri-City ValleyCats batting - Pitching for Connecticut Tigers : RHP Sho Sekine
Batting: RHB J.R. Roberts 0-0: Swinging Strike
0-1: Ground out 5-3 (Groundball, 56, EV 103.1 MPH)
Batting: LHB Bruce Arvizu 0-0: Called Strike
0-1: Swinging Strike
0-2: Strikes out swinging
Batting: LHB Daigo Ishii 0-0: Ball
1-0: Ball
2-0: SINGLE (Line Drive, 4MD, EV 101.9 MPH)
Pitching: RHP Larry Mathieu
Batting: LHB Danny Wolver 0-0: Ball
1-0: Ground out 6-3 (Groundball, 6M, EV 109.4 MPH)
Bottom of the 5th over - 0 runs, 1 hit, 0 errors, 1 left on base; Connecticut 5 - Tri-City 4
TOP OF THE 6TH
Connecticut Tigers batting - Pitching for Tri-City ValleyCats : LHP Jason Mitchell
Batting: RHB Jordan Hall 0-0: Ball
1-0: Ball
2-0: Ball
3-0: Called Strike
3-1: Ground out 6-3 (Groundball, 6, EV 101.9 MPH)
Pitching: RHP Ryan Hoagland
Batting: RHB Kaleb Yerger 0-0: Swinging Strike
0-1: Hit by Pitch
Batting: RHB Jonathan Ridgely 0-0: Called Strike
0-1: Called Strike
0-2: Ball
1-2: Grounds into double play, 6-4-3 (Groundball, 6M, EV 101.9 MPH)
Top of the 6th over - 0 runs, 0 hits, 0 errors, 0 left on base; Connecticut 5 - Tri-City 4
BOTTOM OF THE 6TH
Tri-City ValleyCats batting - Pitching for Connecticut Tigers : RHP Larry Mathieu
Batting: RHB Erik Smith 0-0: Ball
1-0: Foul Ball, location: 2F
1-1: Foul Ball, location: 2F
1-2: SOLO HOME RUN (Line Drive, 8RXD, EV 114.4 MPH), Distance : 436 ft
Batting: RHB Alex Campos 0-0: Ball
1-0: Foul Ball, location: 2F
1-1: Foul Ball, location: 2F
1-2: Foul Ball, location: 2F
1-2: Ground out 5-3 (Groundball, 56S, EV 90.0 MPH)
Batting: RHB Derek Moran 0-0: Called Strike
0-1: Ball
1-1: Ball
2-1: Ground out 6-3 (Groundball, 6, EV 85.6 MPH)
Batting: LHB Bob Govella 0-0: Swinging Strike
0-1: Foul Ball, location: 2F
0-2: Ball
1-2: DOUBLE (Line Drive, 78D, EV 112.5 MPH)
Batting: RHB Kieron Clark 0-0: Intentional Walk
Pitching: RHP Chris Wilkerson
Batting: RHB J.R. Roberts 0-0: Called Strike
0-1: Called Strike
0-2: Foul Ball, location: 2F
0-2: Foul Ball, location: 2F
0-2: Foul Ball, location: 2F
0-2: Ball
1-2: Ball
2-2: Fielders Choice at 2nd, 5-4 (Groundball, 5L, EV 100.6 MPH)
Bottom of the 6th over - 1 run, 2 hits, 0 errors, 2 left on base; Connecticut 5 - Tri-City 5
TOP OF THE 7TH
Connecticut Tigers batting - Pitching for Tri-City ValleyCats : RHP Ryan Hoagland
Batting: RHB Jaden Warrior 0-0: Swinging Strike
0-1: Ball
1-1: Foul Ball, location: 2F
1-2: Ball
2-2: Strikes out swinging
Batting: RHB Tony Nunez 0-0: Ball
1-0: Ball
2-0: Fly out, F8 (Line Drive, 89D, EV 90.6 MPH)
Batting: RHB Zack DiCicco 0-0: Ball
1-0: Ball
2-0: Called Strike
2-1: Ball
3-1: Called Strike
3-2: Fly out, F8 (Flyball, 78D, EV 86.9 MPH)
Top of the 7th over - 0 runs, 0 hits, 0 errors, 0 left on base; Connecticut 5 - Tri-City 5
BOTTOM OF THE 7TH
Tri-City ValleyCats batting - Pitching for Connecticut Tigers : RHP Chris Wilkerson
Batting: LHB Bruce Arvizu 0-0: Foul Ball, location: 2F
0-1: Foul Ball, location: 2F
0-2: Ball
1-2: Ball
2-2: Strikes out swinging
Batting: LHB Daigo Ishii 0-0: Ball
1-0: DOUBLE (Line Drive, 9LS, EV 103.1 MPH)
Batting: LHB Danny Wolver 0-0: Intentional Walk
Batting: RHB Erik Smith 0-0: DOUBLE (Flyball, 78D, EV 104.4 MPH)
Daigo Ishii scores
Danny Wolver to third
Batting: RHB Alex Campos 0-0: Called Strike
0-1: Ball
1-1: Foul Ball, location: 2F
1-2: Strikes out swinging
Batting: RHB Derek Moran 0-0: Ball
Wild Pitch!
Danny Wolver scores
Erik Smith to third
1-0: Ball
2-0: Called Strike
2-1: Foul Ball, location: 2F
2-2: Ball
3-2: Fly out, F4 (Flyball, 34D, EV 94.4 MPH)
Bottom of the 7th over - 2 runs, 2 hits, 0 errors, 1 left on base; Connecticut 5 - Tri-City 7
TOP OF THE 8TH
Connecticut Tigers batting - Pitching for Tri-City ValleyCats : RHP Ryan Hoagland
Batting: RHB Jeremiah Washington 0-0: Ball
1-0: Foul Ball, location: 2F
1-1: Foul Ball, location: 2F
1-2: SINGLE (Line Drive, 4M, EV 105.0 MPH)
Batting: RHB Khalil Coleman 0-0: Foul Ball, location: 2F
0-1: Swinging Strike
0-2: Ball
1-2: SINGLE (Line Drive, 78S, EV 93.1 MPH)
Jeremiah Washington to second
Pinch Runner at 2nd Billy Verdusco:
Batting: LHB Antonio Luis 0-0: Called Strike
0-1: Ball
1-1: Ball
2-1: SINGLE (Groundball, 34D, EV 101.9 MPH)
Billy Verdusco to third
Khalil Coleman to second
Runner from 3rd tries for Home, SAFE, throw by RF to home
Pinch Runner at 2nd Ian Arlotta:
Pinch Hitting: LHB Nick Swank 0-0: Ball
1-0: Ball
Wild Pitch!
Ian Arlotta to third
Antonio Luis to second
2-0: Ball
3-0: Called Strike
3-1: Base on Balls
Pinch Hitting: SHB Ryohei Nakano 0-0: Ball
1-0: Swinging Strike
1-1: Ball
2-1: Swinging Strike
2-2: Foul Ball, location: 2F
2-2: Fly out, F9 (Flyball, 9D, EV 84.4 MPH)
Runner from 3rd tags up, OUT at HOME! 9-2
Antonio Luis to third
Nick Swank to second
Pitching: RHP Addick Huiberts
Pinch Hitting: LHB Tokugoro Adachi 0-0: Ball
1-0: Foul Ball, location: 2F
1-1: Called Strike
1-2: Foul Ball, location: 2F
1-2: Foul Ball, location: 2F
1-2: Ground out 2-3 (Groundball, 2L, EV 67.5 MPH)
Top of the 8th over - 1 run, 3 hits, 0 errors, 2 left on base; Connecticut 6 - Tri-City 7
BOTTOM OF THE 8TH
Tri-City ValleyCats batting - Pitching for Connecticut Tigers : RHP Chris Wilkerson
Now at C: Nick Swank
Now at 2B: Zack DiCicco
Now at 3B: Billy Verdusco
Now at SS: Ryohei Nakano
Now in CF: Janne Vihko
Batting: LHB Bob Govella 0-0: Ball
1-0: Called Strike
1-1: Ball
2-1: Foul Ball, location: 2F
2-2: SINGLE (Groundball, 34D, EV 102.5 MPH)
Batting: RHB Kieron Clark 0-0: Foul Ball, location: 2F
0-1: Bunted foul
0-2: Ball
1-2: Ball
2-2: Strikes out looking
Batting: RHB J.R. Roberts 0-0: SINGLE (Groundball, 56D, EV 105.6 MPH)
Bob Govella to second
Batting: LHB Bruce Arvizu 0-0: Grounds into double play, 4-6-3 (Groundball, 4, EV 90.6 MPH)
Bottom of the 8th over - 0 runs, 2 hits, 0 errors, 1 left on base; Connecticut 6 - Tri-City 7
TOP OF THE 9TH
Connecticut Tigers batting - Pitching for Tri-City ValleyCats : RHP Addick Huiberts
Now in LF: Omar Marquez
Batting: RHB Jaden Warrior 0-0: Called Strike
0-1: Ball
1-1: Ball
2-1: Ball
3-1: DOUBLE (Groundball, 5L, EV 106.2 MPH)
Batting: RHB Tony Nunez 0-0: Ball
1-0: Ground out 6-3 (Groundball, 6, EV 81.2 MPH)
Jaden Warrior to third
Batting: RHB Zack DiCicco 0-0: Hit by Pitch
Batting: RHB Billy Verdusco 0-0: Ball
1-0: Called Strike
1-1: SINGLE (Groundball, 56D, EV 86.9 MPH) (infield hit)
Jaden Warrior scores
Zack DiCicco to second
Batting: SHB Ian Arlotta 0-0: Ball
1-0: Ball
2-0: Called Strike
2-1: Fielders Choice at 2nd, 3-6 (Groundball, 34, EV 82.5 MPH)
Zack DiCicco to third
Batting: LHB Antonio Luis 0-0: Ball
1-0: Called Strike
1-1: Ground out 4-3 (Groundball, 4, EV 81.2 MPH)
Top of the 9th over - 1 run, 2 hits, 0 errors, 2 left on base; Connecticut 7 - Tri-City 7
BOTTOM OF THE 9TH
Tri-City ValleyCats batting - Pitching for Connecticut Tigers : RHP Chris Wilkerson
Batting: LHB Daigo Ishii 0-0: Ball
1-0: Swinging Strike
1-1: SOLO HOME RUN (Flyball, 9LD, EV 96.2 MPH), Distance : 370 ft
Bottom of the 9th over - 1 run, 1 hit, 0 errors, 0 left on base; Connecticut 7 - Tri-City 8
Tuesday, March 28th , 2023 - OOTP Baseball 23.10 Build 110